 Dungeon Crawl Stone Soup version 0.32-a0-128-g77eb882913 (webtiles) character file.

Game seed: 3094445820676712444

2077813 Daunt the Conqueror (level 26, 266/266 HPs)
             Began as a Minotaur Chaos Knight on Feb 6, 2024.
             Was a Favourite Plaything of Xom.
             Escaped with the Orb
             ... and 3 runes
             ... and 1 gem (intact) on Feb 7, 2024!
             The game lasted 04:54:40 (50150 turns).

Daunt the Conqueror (Minotaur Chaos Knight)        Turns: 50150, Time: 04:54:40

Health: 266/266    AC: 40    Str: 32    XL:     26   Next: 35%
Magic:  22/22      EV: 20    Int: 11    God:    Xom [....*.]
Gold:   7272       SH: 18    Dex: 16    Spells: 25/25 levels left

rFire   + . .        a - +7 broad axe (spect)
rCold   + . .        p - +1 kite shield {rC+}
rNeg    + + .        u - +6 plate armour of Privacy {^Drain rElec Slay+5 SInv}
rPois   +            (helmet unavailable)
rElec   +            A - +1 cloak {rPois}
rCorr   .            Z - +3 Mad Mage's Maulers {Infuse+∞ VampMP -Cast}
SInv    +            (boots unavailable)
Will    +++..        k - macabre finger necklace {Finger+ rN+} Stlth
                     G - ring "Dennaphuz" {^Drain rN+ Str+2 Int+2 Slay+5}
HPRegen 1.44/turn    h - ring of Sloth {rC+ Will+ Int+2}
MPRegen 0.18/turn    F - ring "Erchoxuj" {Fire Str+8 Int-3}

%: no spellcasting, random rage (9%), infuse magic (22 MP)
@: no status effects
A: horns 3, retaliatory headbutt, hooves 3, iridescent scales 2, agile 1,
berserk 2, deterioration 1, strong-willed 1, regeneration 1, weak 1, no potion
heal 1, persistent drain
0: Orb of Zot
}: 3/15 runes: decaying, slimy, gossamer
a: Renounce Religion


You escaped.
You worshipped Xom.
You were a beloved toy of Xom.
You visited 10 branches of the dungeon, and saw 51 of its levels.
You also visited: Gauntlet and Wizlab.

You collected 9957 gold pieces.
You spent 2685 gold pieces at shops.

Inventory:

Hand Weapons
 a - a +7 spectral broad axe (weapon)
 b - a +3 heavy broad axe
Missiles
 d - 47 poisoned darts (quivered)
 g - 19 javelins
 o - a throwing net
 y - 33 boomerangs
 z - 5 darts of dispersal
 E - 4 atropa-tipped darts
 L - 8 curare-tipped darts
 Y - 11 datura-tipped darts
Armour
 p - a +1 kite shield of cold resistance (worn)
 u - the +6 plate armour of Privacy (worn) {^Drain rElec Slay+5 SInv}
   (You bought it in a shop on level 2 of the Orcish Mines)

   Slay+5:    It affects your accuracy & damage with ranged weapons and melee
   (+5).
   rElec:     It insulates you from electricity.
   SInv:      It lets you see invisible.
   ^Drain:    It drains your maximum health when unequipped.
 v - +8 gold dragon scales
 A - a +1 cloak of poison resistance (worn)
 H - the +0 pair of boots "Caczerchan" {rElec Dex+2}
   (You bought it in a shop on level 9 of the Dungeon)

   Dex+2:     It affects your dexterity (+2).
   rElec:     It insulates you from electricity.
 N - the +1 cloak of the Armadillo {Will+ Dex+2}
   (You took it off a black draconian on level 4 of the Depths)

   Dex+2:     It affects your dexterity (+2).
   Will+:     It increases your willpower.
 Z - the +3 Mad Mage's Maulers (worn) {Infuse+∞ VampMP -Cast}
   (You bought it in a shop on level 9 of the Dungeon)

   Infuse+∞: It empowers its wearer's blows with all of their magic.
   VampMP:    Blows struck in melee replenish the wearer's magic.
   -Cast:     It prevents spellcasting.
Jewellery
 h - the ring of Sloth (right hand) {rC+ Will+ Int+2}
   (You found it on level 5 of the Pits of Slime)

   [ring of protection from cold]

   Int+2:     It affects your intelligence (+2).
   rC+:       It protects you from cold.
   Will+:     It increases your willpower.
 k - the macabre finger necklace (around neck) {Finger+ rN+}
   (You found it on level 4 of the Swamp)

   [amulet of nothing]

   Finger+:   It enables you to equip an extra ring.
   rN+:       It protects you from negative energy.
 F - the ring "Erchoxuj" (on amulet) {Fire Str+8 Int-3}
   (You found it in a wizard's laboratory)

   [ring of fire]

   Fire:      It enhances your fire magic.
   Str+8:     It affects your strength (+8).
   Int-3:     It affects your intelligence (-3).
   rF+:       It protects you from fire.
   rC-:       It makes you vulnerable to cold.
 G - the ring "Dennaphuz" (left hand) {^Drain rN+ Str+2 Int+2 Slay+5}
   (You found it on level 3 of the Crypt)

   [ring of positive energy]

   Str+2:     It affects your strength (+2).
   Int+2:     It affects your intelligence (+2).
   Slay+5:    It affects your accuracy & damage with ranged weapons and melee
   (+5).
   rN+:       It protects you from negative energy.
   ^Drain:    It drains your maximum health when unequipped.
 I - the ring of Fusuv {Fire Will+ Int+3 SInv Stlth+}
   (You found it on level 5 of the Pits of Slime)

   [ring of fire]

   Fire:      It enhances your fire magic.
   Int+3:     It affects your intelligence (+3).
   rF+:       It protects you from fire.
   rC-:       It makes you vulnerable to cold.
   Will+:     It increases your willpower.
   SInv:      It lets you see invisible.
   Stlth+:    It makes you more stealthy.
 W - a ring of resist corrosion
Wands
 D - a wand of digging (6)
 U - a wand of roots (32)
 X - a wand of quicksilver (21)
Scrolls
 c - a scroll of butterflies
 e - 20 scrolls of teleportation
 i - 7 scrolls of blinking
 m - 4 scrolls of revelation
 r - 4 scrolls of silence
 w - 8 scrolls of immolation
 C - 4 scrolls of summoning
 J - 7 scrolls of fog
 V - 5 scrolls of fear
Potions
 f - 11 potions of heal wounds
 j - 5 potions of lignification
 l - 4 potions of invisibility
 n - 5 potions of haste
 s - 14 potions of curing
 t - 8 potions of enlightenment
 x - 8 potions of mutation
 M - 3 potions of resistance
 O - 3 potions of might
 Q - 3 potions of ambrosia
 R - 6 potions of berserk rage
 T - 6 potions of cancellation
Miscellaneous
 q - a phial of floods
 B - a box of beasts
 K - a phantom mirror
 P - a sack of spiders
 S - a condenser vane


   Skills:
 O Level 27 Fighting
 - Level 24.0 Axes
 + Level 14.5 Throwing
 * Level 26.6 Armour
 + Level 21.6 Dodging
 - Level 25.0 Shields
 - Level 10.0 Evocations


You had 25 spell levels left.
You didn't know any spells.
Your spell library contained the following spells:

 Spells                   Type           Power      Damage    Failure   Level
 Apportation              Tloc           0%         N/A       69%         1
 Foxfire                  Conj/Fire      0%         2x1d4     69%         1
 Magic Dart               Conj           0%         1d3       69%         1
 Necrotise                Necr           0%         1d4       69%         1
 Slow                     Hex            0%         N/A       69%         1
 Sting                    Conj/Alch      0%         1d3       69%         1
 Summon Small Mammal      Summ           0%         N/A       69%         1
 Blink                    Tloc           0%         N/A       83%         2
 Call Imp                 Summ           0%         N/A       83%         2
 Cigotuvi's Dreadful Rot  Necr/Alch/Air  0%         N/A       83%         2
 Ensorcelled Hibernation  Hex/Ice        0%         N/A       83%         2
 Jinxbite                 Hex            0%         N/A       83%         2
 Lesser Beckoning         Tloc           0%         N/A       83%         2
 Mercury Vapours          Alch/Air       0%         N/A       83%         2
 Momentum Strike          Conj/Tloc      0%         3d8       83%         2
 Sublimation of Blood     Necr           0%         N/A       83%         2
 Call Canine Familiar     Summ           0%         N/A       96%         3
 Dazzling Flash           Conj/Hex       0%         N/A       96%         3
 Frozen Ramparts          Ice            0%         1d1       96%         3
 Fugue of the Fallen      Necr           0%         N/A       96%         3
 Gell's Gravitas          Tloc           0%         N/A       96%         3
 Hailstorm                Conj/Ice       0%         3d5       96%         3
 Inner Flame              Hex/Fire       0%         N/A       96%         3
 Mephitic Cloud           Conj/Alch/Air  0%         N/A       96%         3
 Ozocubu's Armour         Ice            0%         N/A       96%         3
 Passwall                 Erth           0%         N/A       96%         3
 Stone Arrow              Conj/Erth      0%         3d7       96%         3
 Summon Ice Beast         Ice/Summ       0%         N/A       96%         3
 Swiftness                Air            0%         N/A       96%         3
 Teleport Other           Tloc           0%         N/A       96%         3
 Volatile Blastmotes      Fire/Tloc      0%         2d10      96%         3
 Anguish                  Hex/Necr       0%         N/A       100%        4
 Animate Armour           Summ/Erth      0%         N/A       100%        4
 Dispel Undead            Necr           0%         3d6       100%        4
 Fulminant Prism          Conj/Alch      0%         3d5       100%        4
 Iskenderun's Mystic Bla  Conj/Tloc      0%         2d3       100%        4
 Leda's Liquefaction      Alch/Erth      0%         N/A       100%        4
 Martyr's Knell           Necr/Summ      0%         N/A       100%        4
 Passage of Golubria      Tloc           0%         N/A       100%        4
 Petrify                  Alch/Erth      0%         N/A       100%        4
 Sticky Flame             Fire/Alch      0%         2d4       100%        4
 Summon Blazeheart Golem  Fire/Summ      0%         N/A       100%        4
 Summon Lightning Spire   Summ/Air       0%         N/A       100%        4
 Vhi's Electric Charge    Tloc/Air       0%         N/A       100%        4
 Alistair's Intoxication  Alch           0%         N/A       100%        5
 Arcjolt                  Conj/Air       0%         1d10      100%        5
 Curse of Agony           Necr           0%         N/A       100%        5
 Freezing Cloud           Conj/Ice/Air   0%         6-21      100%        5
 Irradiate                Conj/Alch      0%         3d11      100%        5
 Lee's Rapid Deconstruct  Erth           0%         3d4*      100%        5
 Metabolic Englaciation   Hex/Ice        0%         N/A       100%        5
 Silence                  Hex/Air        0%         N/A       100%        5
 Summon Forest            Summ/Tloc      0%         N/A       100%        5
 Summon Mana Viper        Hex/Summ       0%         N/A       100%        5
 Yara's Violent Unravell  Hex/Alch       0%         3d3       100%        5
 Death Channel            Necr           0%         N/A       100%        6
 Eringya's Noxious Bog    Alch           0%         4d6       100%        6
 Plasma Beam              Fire/Air       0%         2x1d10    100%        6
 Sculpt Simulacrum        Ice/Alch       0%         N/A       100%        6
 Starburst                Conj/Fire      0%         6d3       100%        6
 Malign Gateway           Summ/Tloc      0%         N/A       100%        7
 Summon Hydra             Summ           0%         N/A       100%        7
 Ignition                 Fire           0%         3d3       100%        8
 Lehudib's Crystal Spear  Conj/Erth      0%         10d2      100%        8
 Maxwell's Capacitive Co  Air            0%         ∞         100%        8
 Summon Horrible Things   Summ           0%         N/A       100%        8
 Fire Storm               Conj/Fire      0%         5d1       100%        9


Dungeon Overview and Level Annotations

Branches:
Dungeon (15/15)            Temple (0/1) D:5            Lair (5/5) D:10
  Swamp (4/4) Lair:3       Spider (4/4) Lair:3        Slime (5/5) Lair:5
    Orc (2/2) D:9             Elf (0/3) Orc:2        Vaults (4/5) D:13
  Crypt (3/3) Vaults:3       Tomb (0/3) Crypt:3      Depths (4/4) D:15
    Zot (5/5) Depths:4     WizLab (visited)         Gauntlet (visited)

Altars:
Ashenzari
Cheibriados
Fedhas
Gozag
Kikubaaqudgha
Makhleb
Nemelex Xobeh
Qazlal
Ru
Sif Muna
Trog
Vehumet
Wu Jian
Xom
Yredelemnul
Zin
The Shining One
Jiyva

Shops:
D:4 =   D:7 :   D:9 [   Orc:1 [   Orc:2 :[:?   Vaults:1 ?   Vaults:3 !(*
Depths:1 (

Portals:
Hell: Depths:1 Depths:2 Depths:3 Depths:4
Abyss: Depths:3
Pandemonium: Depths:2
Ziggurat: Depths:2
Trove: Vaults:4 (give horn of Geryon)

Annotations:
D:6 Sigmund
Lair:5 flight
Vaults:2 dig
Crypt:2 Vv


Innate Abilities, Weirdness & Mutations

You have a pair of large horns on your head.
You reflexively headbutt those who attack you in melee.
You have hooves in place of feet.
You are mostly covered in iridescent scales. (AC +4)
You are agile. (Dex +4, Str/Int -1)
You have an uncontrollable temper.
Your body sometimes deteriorates upon taking damage.
You are strong-willed. (Will+)
Your natural rate of healing is unusually fast.
You are weak. (Str -2)
Potions are less effective at restoring your health.
Your health recovers twice as slowly from being drained.


Message History

There is a stone staircase leading up here.
You climb upwards.
There is a stone staircase leading down here.
You see here a +0 spear.
Items here: )) ÷÷.
A toenail golem comes into view.
The toenail golem barely misses you. You furiously retaliate!
You headbutt the toenail golem!!
A red film seems to cover your vision as you go berserk!
You feel yourself moving faster!
You feel mighty!
You completely miss the toenail golem. You kick the toenail golem!
The toenail golem is severely damaged.
Your +7 spectral broad axe hits the toenail golem!!!!
You destroy the toenail golem!
No target in view!
Unknown command.
Your +7 spectral broad axe disappears.
You feel a strong urge to attack something.
You feel your anger nearly subside.
You are no longer berserk.
You are exhausted.
You feel yourself slow down.
HP restored.
There is an open door here.
There is a stone staircase leading up here.
You climb upwards.
There is a stone staircase leading down here.
There is a stone staircase leading up here.
You climb upwards.
There is a stone staircase leading down here.
A soul eater comes into view.
There is a stone staircase leading up here.
You feel yourself speed up.
You climb upwards.
There is a stone staircase leading down here.
There is an open door here.
You recover from your berserk rage.
There is a stone staircase leading up here.
You climb upwards.
There is a stone staircase leading down here.
There is a staircase leading out of the dungeon here.
You have escaped!

#..........)............##.##
#####.##########.................
...>......# #...###....#.##.##
###.#.###.# #.......####......
#.#.######## ##########........
#.#.#......####................
#.#.#.........###.≈≈...#####...
#.#.........#...#.≈≈.........##
#.#..#......#.@.#......#####.#
#.#..#...≈≈.#...#......# #.#
#.#..#...≈≈.###........# #.#
#.#..#........####.....# #.#
#.#..################### #.##
###.#..##.# #.# #.# #.##
....#.....# #.# #.# #.##
######.##÷##### #.# #.# #.##
#......>5###.# #.# #.##


There were no monsters in sight!

Vanquished Creatures
  the Royal Jelly (Slime:5)
  2 pandemonium lords (D:7)
  4 dread liches
  4 orbs of fire
  Mara (Vaults:3)
  5 ancient liches
  2 juggernauts (Depths:4)
  Bai Suzhen (Swamp:4)
  Saint Roka (Vaults:2)
  4 caustic shrikes (Depths:4)
  4 Killer Klowns (Zot:5)
  4 curse toes
  8 golden dragons
  Norris (Depths:1)
  A profane servitor (Crypt:3)
  Arachne (Spider:2)
  A bone dragon (Crypt:3)
  7 electric golems
  14 tentacled monstrosities
  Jorgrun (Orc:2)
  The ghost of Oxzi the Archmage, an adept DEHW of Vehumet (Depths:1)
  8 liches
  An Ice Fiend (Depths:2)
  A walking earthen tome (Depths:1)
  26 Orb Guardians
  10 quicksilver dragons
  A titan (Depths:1)
  Asterion (Spider:2)
  5 sphinxes
  The ghost of MrSquiggles the Lord of Darkness, an adept HuAl of Kikubaaqudgha (Swamp:4)
  2 ancient champions
  Frances (Spider:1)
  16 acid blobs
  An Executioner (Spider:2)
  Kirke (D:15)
  15 death cobs
  4 tengu reavers
  8 storm dragons
  13 shadow dragons
  3 thorn hunters
  Roxanne (Swamp:2)
  4 draconian monks
  A fenstrider witch (Swamp:4)
  2 protean progenitors
  10 fire giants
  3 draconian knights
  2 revenants
  Donald (Spider:2)
  9 rockslimes
  11 azure jellies
  2 deep elf sorcerers
  8 emperor scorpions
  A fire giant (shapeshifter) (Slime:5)
  A balrug (Depths:1)
  3 draconian scorchers
  10 vault wardens
  14 frost giants
  3 ghouls
  13 ghost moths
  A draconian shifter (Zot:2)
  An angel (WizLab)
  8 quicksilver oozes
  21 ironbound preservers
  A broodmother (Spider:4)
  A draconian annihilator (Zot:3)
  6 draconian stormcallers
  A curse skull (Crypt:1)
  2 formless jellyfish
  An orc warlord (Vaults:4)
  3 spriggan defenders
  18 very ugly things
  2 reapers
  13 stone giants
  10 vampire knights
  11 ironbound thunderhulks
  9 black draconians
  5 war gargoyles
  6 deep elf death magi
  2 green draconians
  8 yellow draconians
  A minotaur (Gauntlet)
  A deep elf annihilator (Depths:3)
  6 purple draconians
  4 red draconians
  3 eleionomae
  8 dire elephants
  22 spark wasps
  2 blizzard demons
  6 white draconians
  4 bunyips
  17 ettins
  3 green deaths
  Josephine (Orc:2)
  4 eidola
  13 fire dragons
  6 crystal guardians
  27 jiangshi
  A spriggan zombie (Crypt:1)
  5 yaktaur captains
  3 entropy weavers
  16 great orbs of eyes
  5 spriggan air magi
  A salamander tyrant (Depths:3)
  11 peacekeepers
  10 ice dragons
  An Orb Guardian zombie (Crypt:1)
  6 rakshasas
  9 hydras
  24 centaur warriors
  A hell beast (Swamp:4)
  8 alligators
  2 ghost crabs
  A jorogumo (Spider:2)
  4 death knights
  20 vault guards
  9 ironbound frosthearts
  2 radroaches (Spider:4)
  An ogre mage (D:15)
  A satyr (Depths:4)
  6 boulder beetles
  A death yak (Lair:2)
  7 vampire magi
  9 two-headed ogres
  4 deep troll shamans
  6 tengu warriors
  3 orc high priests
  A thrashing horror (Swamp:4)
  A dancing weapon (Depths:1)
  5 deep troll earth magi
  5 demonic crawlers
  Urug (Lair:2)
  11 occultists
  Sonja (D:12)
  10 spriggan berserkers
  4 hell hogs
  6 soul eaters
  8 skysharks
  4 salamander mystics (Depths:3)
  Amaemon (Lair:2)
  4 shadow wraiths (Crypt:3)
  5 sixfirhies
  A hell knight (Depths:3)
  A fire crab (Lair:5)
  3 goliath frogs (Swamp:4)
  7 iron trolls
  24 skeletal warriors
  7 pharaoh ants
  14 arcanists
  7 spriggan druids
  10 swamp dragons
  7 orb spiders
  8 flayed ghosts
  62 deep trolls
  A shadow demon (D:12)
  5 steelbarb worms
  10 glowing orange brains
  An anaconda skeleton (Crypt:1)
  6 bog bodies (Swamp:4)
  A lindwurm (shapeshifter) (Vaults:3)
  21 phantasmal warriors
  8 lindwurms
  2 necromancers
  2 large abominations
  7 orc knights
  A harpy (shapeshifter) (D:15)
  6 deep elf pyromancers
  2 lightning spires (WizLab)
  20 wolf spiders
  18 ironbound convokers
  4 orc sorcerers
  5 shining eyes
  17 salamanders
  55 ugly things
  3 deep elf zephyrmancers
  7 cyclopes
  A moth of wrath (shapeshifter) (D:15)
  8 will-o-the-wisps
  3 meliai (Spider:1)
  A stone giant skeleton (Crypt:1)
  4 manticores
  6 elephants (Lair:5)
  A toenail golem (D:5)
  An elephant (shapeshifter) (Depths:4)
  A spectral alligator snapping turtle (Crypt:3)
  17 vault sentinels
  20 moths of wrath
  4 kobold blastminers
  4 molten gargoyles
  7 black mambas
  2 eyes of devastation
  A rust devil (D:7)
  3 orange demons
  A cane toad (shapeshifter) (D:11)
  8 gargoyles
  8 torpor snails
  10 cane toads
  2 smoke demons
  Maggie (D:7)
  A centaur skeleton (Crypt:1)
  2 unseen horrors
  2 kobold demonologists
  A hellion (D:15)
  A rime drake (Lair:3)
  5 komodo dragons
  A white draconian zombie (Crypt:2)
  2 efreet
  A tormentor (Depths:4)
  An ice devil (Depths:4)
  5 freezing wraiths
  19 yaktaurs
  3 guardian mummies (Crypt:1)
  10 tengu conjurers
  A spectral harpy (Crypt:3)
  A wind drake (shapeshifter) (D:15)
  3 bloated husks
  2 polar bears
  A tarantella (shapeshifter) (Vaults:1)
  A hellwing (D:7)
  7 trolls
  15 hornets
  Prince Ribbit (D:7)
  9 tarantellas
  17 blink frogs
  A snapping turtle (shapeshifter) (Crypt:1)
  6 tyrant leeches
  5 glass eyes
  17 jumping spiders
  A human simulacrum (Vaults:1)
  106 slime creatures
  18 culicivoras
  7 wyverns
  12 wraiths
  63 yaks
  A black mamba zombie (Crypt:1)
  2 ettin skeletons (Crypt:1)
  A vampire (D:11)
  11 shadows
  20 spriggans
  2 water elementals (Depths:1)
  3 hogs
  8 basilisks
  4 fire elementals
  2 golden eyes (Slime:5)
  A steam dragon (D:4)
  A warg (Orc:1)
  An alligator snapping turtle simulacrum (Crypt:3)
  An elf zombie (Vaults:1)
  5 humans (D:13)
  6 vampire mosquitoes (Swamp:4)
  2 chaos spawn
  29 redbacks
  A harpy simulacrum (Crypt:3)
  16 swamp worms
  11 water moccasins
  7 hell hounds
  An acid dragon (D:12)
  A two-headed ogre skeleton (Crypt:1)
  2 swamp drakes
  39 orc warriors
  3 black bears
  A hornet zombie (Crypt:2)
  3 sky beasts
  27 laughing skulls
  10 wolves
  10 ogres
  A crocodile (D:9)
  2 human zombies
  A manticore skeleton (Crypt:1)
  19 centaurs
  A draconian zombie (Crypt:1)
  A phantom (D:5)
  5 kobold brigands
  A weeping skull (Crypt:3)
  7 bullfrogs
  A gnoll sergeant (D:12)
  4 small abominations
  2 earth elementals (WizLab)
  4 necrophages (Crypt:3)
  3 scorpions
  4 burial acolytes (Crypt:3)
  12 killer bees
  3 howler monkeys
  4 electric eels
  A bombardier beetle (D:5)
  2 crimson imps
  2 wolf skeletons (Crypt:2)
  5 hounds
  5 lava snakes (Lair:5)
  4 jellies
  13 orc priests
  2 gnoll boudas (D:6)
  An iron imp (Orc:2)
  2 sleepcaps
  5 hell rats (Lair:5)
  An iguana (D:4)
  Terence (D:3)
  2 human skeletons (Crypt:1)
  Natasha (thrice) (D:4)
  14 orc wizards
  A deep dwarf zombie (Crypt:1)
  4 mummies (Crypt:1)
  A howler monkey zombie (Crypt:2)
  20 gnolls
  3 adders
  4 shadow imps
  A white imp (Orc:2)
  2 ufetubi (D:6)
  4 dart slugs
  A ribbon worm (D:2)
  75 orcs
  4 ball pythons
  6 endoplasms
  2 giant cockroaches
  6 goblins
  9 hobgoblins
  2 jackals (D:1)
  5 quokkas
  6 bats
  A frilled lizard (D:1)
  24 kobolds
  A quokka skeleton (Crypt:1)
  3 rats
  An aspiring flesh (Zot:4)
  A butterfly (Lair:2)
  A spectral weapon (Depths:2)
2160 creatures vanquished.

Vanquished Creatures (collateral kills)
  A golden dragon (Depths:4)
  Azrael (D:12)
  2 death yaks (Lair:2)
  A flayed ghost (Depths:4)
  5 yaks
  A hell hound (D:12)
  An orc warrior (D:9)
  A bullfrog (D:9)
  An orc priest (Orc:2)
  3 orcs
17 creatures vanquished.

Vanquished Creatures (others)
  An eldritch tentacle (Zot:5)
  A shadow dragon (Zot:5)
  A fire giant (Depths:1)
  A death yak (Lair:2)
  A tengu warrior (Depths:3)
  A vampire mage (Depths:1)
  A demonic crawler (Spider:4)
  A dancing weapon (Depths:4)
  An orc sorcerer (Orc:1)
  A salamander (Depths:3)
  A glass eye (Slime:5)
  A slime creature (Slime:5)
  2 humans
  A laughing skull (D:11)
  A killer bee (D:10)
  A kobold zombie (D:6)
  22 foxfires
  59 spectral weapons
98 creatures vanquished.

Grand Total: 2275 creatures vanquished

Notes
Turn   | Place    | Note
-------+----------+-------------------------------------------
     0 | D:1      | Daunt the Minotaur Chaos Knight began the quest for the
                  | Orb.
     0 | D:1      | Reached XP level 1. HP: 19/19 MP: 0/0
   102 | D:1      | Reached XP level 2. HP: 26/26 MP: 1/1
   258 | D:1      | XOM: god gift: battleaxe {god gift}
   272 | D:1      | XOM: 5-stop teleportation journey
   404 | D:1      | XOM: 2-stop teleportation journey
   416 | D:1      | Reached skill level 5 in Axes
   469 | D:1      | Reached XP level 3. HP: 30/31 MP: 2/2
   473 | D:1      | XOM: summons friendly crimson imp
   813 | D:2      | XOM: god gift: chain mail {god gift}
  1050 | D:2      | XOM: summons 4 hostile shadow creatures
  1063 | D:2      | XOM: 1-stop teleportation journey
  1667 | D:3      | XOM: 1-stop teleportation journey
  1673 | D:3      | XOM: divination: magic mapping
  1744 | D:3      | Found a stormy altar of Qazlal.
  1774 | D:3      | Reached XP level 4. HP: 39/39 MP: 3/3
  1889 | D:3      | Noticed Terence
  1901 | D:3      | Killed Terence
  1946 | D:3      | Identified the +7 short sword of Tenacity {freeze, SInv}
  2003 | D:3      | Found a faded altar of an unknown god.
  2048 | D:3      | Found Zin's Purification Station.
  2049 | D:3      | XOM: give mutations
  2049 | D:3      | Gained mutation: You are robust. (+10% HP) [Xom's grace]
  2049 | D:3      | Gained mutation: You are partially covered in iridescent
                  | scales. (AC +2) [Xom's grace]
  2049 | D:3      | Gained mutation: You are agile. (Dex +4, Str/Int -1) [Xom's
                  | grace]
  2064 | D:3      | Found a glowing silver altar of Zin.
  2067 | D:3      | Bought a potion of curing for 90 gold pieces
  2088 | D:4      | Noticed Natasha
  2093 | D:4      | Killed Natasha
  2094 | D:4      | Reached XP level 5. HP: 36/47 MP: 4/4
  2390 | D:4      | XOM: cleaving
  2391 | D:4      | Found Totrefif's Jewellery Boutique.
  2416 | D:4      | Noticed Natasha
  2420 | D:4      | a cerulean imp changed into a lemure
  2420 | D:4      | Noticed a lemure
  2420 | D:4      | XOM: polymorph cerulean imp -> lemure
  2425 | D:4      | Killed Natasha
  2426 | D:4      | Reached XP level 6. HP: 48/56 MP: 5/5
  2426 | D:4      | Found a sacrificial altar of Ru.
  2427 | D:4      | XOM: scenery: create altars
  2450 | D:5      | Entered Level 5 of the Dungeon
  2499 | D:4      | Found an ancient bone altar of Kikubaaqudgha.
  2557 | D:4      | Noticed Natasha
  2562 | D:4      | Killed Natasha
  2566 | D:4      | XOM: smoke on damage
  2572 | D:4      | Found a large runed translucent door.
  2572 | D:4      | Found a large runed translucent door.
  2608 | D:4      | XOM: confuse monster(s)
  2620 | D:4      | Identified the +1 plate armour "Myifetomp" {Dex+2}
  2639 | D:4      | XOM: silly message
  2649 | D:4      | Noticed a steam dragon
  2655 | D:4      | Found a large runed translucent door.
  2655 | D:4      | Found a large runed translucent door.
  2686 | D:4      | Reached skill level 4 in Fighting
  2686 | D:4      | Reached XP level 7. HP: 54/64 MP: 6/6
  2842 | D:4      | XOM: 3-stop teleportation journey
  2846 | D:4      | XOM: god gift: 49 gold pieces
  3049 | D:4      | XOM: divination: magic mapping
  3203 | D:4      | Found a sparkling altar of Nemelex Xobeh.
  3267 | D:4      | XOM: cast spell 'Alistair's Intoxication'
  3270 | D:4      | Reached skill level 10 in Axes
  3274 | D:4      | Killed a steam dragon
  3275 | D:4      | Reached skill level 5 in Fighting
  3488 | D:5      | XOM: summons 4 hostile shadow creatures
  3599 | D:5      | Found a staircase to the Ecumenical Temple.
  3610 | D:5      | XOM: give mutation
  3610 | D:5      | Gained mutation: You are mostly covered in iridescent
                  | scales. (AC +4) [Xom's mischief]
  3610 | D:5      | Noticed a two-headed ogre
  3648 | D:5      | XOM: confusion (+ monsters)
  3649 | D:5      | XOM: silly message
  3661 | D:5      | Reached XP level 8. HP: 62/75 MP: 7/7
  3684 | D:5      | Found a radiant altar of Vehumet.
  3686 | D:5      | Found a burning altar of Makhleb.
  3720 | D:5      | XOM: divination: magic mapping
  3732 | D:5      | XOM: enchant monster (bad)
  3985 | D:5      | XOM: chaos upgrade
  4120 | D:6      | Reached skill level 6 in Fighting
  4200 | D:7      | XOM: chaos cloud
  4366 | D:6      | Reached skill level 7 in Fighting
  4387 | D:6      | Found an ornate altar of the Wu Jian Council.
  4388 | D:6      | Noticed Sigmund
  4448 | D:5      | XOM: summons 5 hostile demons
  4766 | D:7      | XOM: confusion
  4769 | D:7      | XOM: summons 1 hostile shadow creature
  4848 | D:7      | Noticed Prince Ribbit
  5108 | D:7      | Reached XP level 9. HP: 85/86 MP: 8/8
  5177 | D:7      | Found a basalt altar of Yredelemnul.
  5195 | D:7      | Noticed Maggie
  5204 | D:7      | Paralysed by a hornet for 3 turns
  5209 | D:7      | Paralysed by a hornet for 2 turns
  5213 | D:7      | XOM: confuse monster(s)
  5399 | D:7      | Killed Prince Ribbit
  5400 | D:7      | Reached skill level 8 in Fighting
  5467 | D:7      | Found Somunak's Book Emporium.
  5500 | D:7      | XOM: summons 2 friendly demons
  5507 | D:7      | Killed Maggie
  5545 | D:7      | XOM: scenery: 1 doors open
  5712 | D:7      | Found a glowing golden altar of the Shining One.
  5909 | D:8      | XOM: enchant monster (bad)
  5921 | D:8      | Found a snail-covered altar of Cheibriados.
  6130 | D:8      | Found a transporter.
  6157 | D:8      | XOM: swap monsters
  6411 | D:8      | XOM: god gift: chain mail {god gift}
  6419 | D:8      | XOM: god gift: 55 gold pieces
  6468 | D:8      | Reached skill level 5 in Armour
  6594 | D:8      | Found a shimmering blue altar of Sif Muna.
  6597 | D:8      | Noticed a tengu conjurer
  6599 | D:8      | Found a transporter.
  6599 | D:8      | Noticed a gargoyle
  6693 | D:8      | Noticed a centaur warrior
  6770 | D:8      | XOM: cloud trail
  6976 | D:8      | XOM: scenery: create altars
  7133 | D:9      | Reached XP level 10. HP: 99/99 MP: 9/9
  7150 | D:9      | Found a staircase to the Orcish Mines.
  7151 | D:9      | XOM: summons friendly quasit
  7167 | D:9      | Reached skill level 5 in Dodging
  7170 | D:9      | XOM: cleaving
  7175 | D:9      | XOM: summons friendly smoke demon
  7218 | D:9      | Found Fyomaim's Armour Boutique.
  7232 | D:9      | Bought the +3 Mad Mage's Maulers {Infuse+∞ VampMP -Cast}
                  | for 520 gold pieces
  7232 | D:9      | Found the +3 Mad Mage's Maulers {Infuse+∞ VampMP -Cast}
  7255 | D:9      | Identified the +4 scale mail of Poor Excuses {^Drain rPois
                  | Dex+7 Slay-3}
  7369 | D:9      | You fall into a shaft and drop 1 floor!
  7369 | D:10     | Entered Level 10 of the Dungeon
  7396 | D:9      | XOM: give mutations
  7396 | D:9      | Gained mutation: Your natural rate of healing is unusually
                  | fast. [Xom's grace]
  7396 | D:9      | Gained mutation: You are strong-willed. (Will+) [Xom's
                  | grace]
  7396 | D:9      | Gained mutation: Your spells are a little harder to cast,
                  | but a little more powerful. [Xom's grace]
  7461 | D:9      | XOM: polymorph yak -> crocodile
  7465 | D:9      | XOM: 2-stop teleportation journey
  7489 | D:9      | Found a broken altar of Ashenzari.
  7647 | D:9      | Found a blossoming altar of Fedhas.
  7699 | D:10     | XOM: god gift: 5 stones
  7710 | D:10     | Found a staircase to the Lair.
  7721 | D:10     | XOM: blink monster(s)
  7737 | D:9      | XOM: scenery: create altars
  7932 | D:9      | XOM: god gift: shiny scale mail {god gift}
  8015 | D:10     | XOM: cast spell 'Summon Ice Beast'
  8129 | D:10     | Noticed a two-headed ogre
  8133 | D:10     | Killed a two-headed ogre
  8134 | D:10     | Reached XP level 11. HP: 104/104 MP: 0/10
  8581 | D:10     | XOM: give mutations
  8581 | D:10     | Gained mutation: You have an increased reservoir of magic.
                  | (+10% MP) [Xom's mischief]
  8581 | D:10     | Lost mutation: You have an increased reservoir of magic.
                  | (+10% MP) [Xom's mischief]
  8581 | D:10     | Gained mutation: You are dopey. (Int -2) [Xom's mischief]
  8581 | D:10     | Lost mutation: You are strong-willed. (Will+) [Xom's
                  | mischief]
  8628 | D:11     | Reached skill level 10 in Armour
  8657 | D:11     | Noticed a purple ugly thing
  8681 | D:10     | XOM: give mutation
  8681 | D:10     | Gained mutation: Your muscles are strong. (Str +4, Int/Dex
                  | -1) [Xom's grace]
  8836 | D:11     | Noticed a two-headed ogre
  8846 | D:11     | XOM: divine lightning
  8848 | D:11     | Killed a two-headed ogre
  8860 | D:11     | XOM: scenery: 1 doors open
  8904 | D:11     | Killed a purple ugly thing
  8905 | D:11     | Reached skill level 1 in Evocations
  9029 | D:11     | XOM: 3-stop teleportation journey
  9122 | D:11     | Noticed a boulder beetle
  9133 | D:11     | Killed a boulder beetle
  9134 | D:11     | Reached skill level 10 in Dodging
  9147 | D:11     | Noticed a boulder beetle
  9152 | D:11     | XOM: cleaving
  9181 | D:11     | XOM: cast spell 'Summon Ice Beast'
  9195 | D:11     | Killed a boulder beetle
  9235 | Lair:1   | Entered Level 1 of the Lair of Beasts
  9279 | Lair:1   | Noticed a boulder beetle
  9289 | Lair:1   | XOM: enchant monster (good)
  9308 | Lair:1   | XOM: enchant monster (good)
  9326 | Lair:1   | Killed a boulder beetle
  9576 | Lair:1   | Upgraded the game from 0.32-a0-120-gfac0567ad4 to
                  | 0.32-a0-128-g77eb882913
  9605 | Lair:1   | Identified the amulet "Gitomny" {Acrobat rF+ Dex+5} (Xom
                  | gifted it to you on level 1 of the Lair of Beasts)
  9605 | Lair:1   | XOM: god gift: amulet "Gitomny" {Acrobat rF+ Dex+5}
  9646 | Lair:1   | XOM: polymorph basilisk -> jelly
  9691 | Lair:1   | XOM: potion effect (invisibility)
  9694 | Lair:1   | Reached XP level 12. HP: 113/113 MP: 2/11
  9837 | Lair:1   | Reached skill level 5 in Evocations
  9838 | Lair:1   | XOM: polymorph yak -> skyshark
  9840 | Lair:1   | XOM: silly message
  9854 | Lair:1   | Reached skill level 15 in Axes
 10056 | Lair:1   | XOM: summons 2 hostile demons
 10066 | Lair:1   | XOM: enchant monster (bad)
 10218 | Lair:2   | XOM: noise
 10377 | D:9      | Bought the +0 pair of boots "Caczerchan" {rElec Dex+2} for
                  | 295 gold pieces
 10432 | Lair:2   | Noticed Urug
 10435 | Lair:2   | Noticed a death yak
 10510 | Lair:2   | Killed Urug
 10513 | Lair:2   | XOM: cleaving
 10544 | Lair:2   | XOM: enchant monster (bad)
 10547 | Lair:2   | XOM: summons 1 hostile demon
 10560 | Lair:2   | XOM: cast spell 'Discord'
 10618 | Lair:3   | Noticed a boulder beetle
 10623 | Lair:3   | XOM: summons 2 friendly demons
 10648 | Lair:3   | a boulder beetle changed into an ettin
 10648 | Lair:3   | Noticed an ettin
 10660 | Lair:3   | XOM: scenery: 1 doors open
 10663 | Lair:3   | Killed an ettin
 10714 | Lair:2   | Noticed a death yak
 10714 | Lair:2   | Noticed a death yak
 10722 | Lair:2   | XOM: scenery: create altars
 10731 | Lair:2   | XOM: 1-stop teleportation journey
 10810 | Lair:2   | Noticed a death yak
 10815 | Lair:2   | Noticed Amaemon
 10815 | Lair:2   | XOM: 3-stop teleportation journey
 10846 | Lair:2   | XOM: cast spell 'Dispersal'
 10852 | Lair:2   | XOM: divination: detect items
 10859 | Lair:2   | XOM: divine lightning
 10866 | Lair:2   | Killed Amaemon
 10934 | Lair:2   | XOM: 4-stop teleportation journey
 11046 | Lair:2   | XOM: summons friendly crimson imp
 11054 | Lair:2   | Killed a death yak
 11054 | Lair:2   | XOM: divine lightning
 11064 | Lair:2   | Killed a death yak
 11070 | Lair:2   | XOM: cleaving
 11130 | Lair:2   | XOM: summons 12 friendly demons
 11132 | Lair:2   | Killed a death yak
 11133 | Lair:2   | Reached XP level 13. HP: 110/121 MP: 0/12
 11256 | Lair:2   | Identified the serpent talisman "Ilomyck" {rN+}
 11275 | Lair:2   | XOM: give mutation
 11275 | Lair:2   | Gained mutation: You are strong-willed. (Will+) [Xom's
                  | grace]
 11551 | Lair:3   | Found a hole to the Spider Nest.
 11567 | Lair:3   | XOM: scenery: 1 doors close
 11662 | Lair:3   | XOM: 4-stop teleportation journey
 11668 | Lair:3   | XOM: cast spell 'Summon Ice Beast'
 11671 | Lair:3   | XOM: silly message
 11680 | Lair:4   | XOM: stealth player
 11876 | Lair:3   | XOM: confuse monster(s)
 12065 | Lair:3   | XOM: give mutation
 12065 | Lair:3   | Lost mutation: Your spells are a little harder to cast, but
                  | a little more powerful. [Xom's mischief]
 12086 | Lair:3   | Found a staircase to the Swamp.
 12090 | Lair:3   | XOM: scenery: summon butterflies
 12131 | Lair:3   | Reached skill level 9 in Fighting
 12288 | Lair:3   | XOM: cloud trail
 12455 | Lair:4   | XOM: confuse monster(s)
 12468 | Lair:4   | XOM: divination: detect items
 12532 | Lair:4   | Reached skill level 10 in Fighting
 12867 | Lair:5   | Entered Level 5 of the Lair of Beasts
 12896 | Lair:5   | Reached skill level 11 in Fighting
 13170 | Lair:5   | XOM: polymorph four-headed hydra -> deep troll
 13192 | Lair:5   | XOM: summons 5 friendly demons
 13269 | Lair:5   | XOM: god gift: 17 gold pieces
 13278 | Lair:5   | Found a viscous altar of Jiyva.
 13279 | Lair:5   | Found a staircase to the Slime Pits.
 13342 | Lair:5   | Reached skill level 12 in Fighting
 13355 | Lair:5   | XOM: confuse monster(s)
 13358 | Lair:5   | XOM: enchant monster (good)
 13555 | Lair:5   | Reached skill level 13 in Fighting
 13560 | Lair:5   | XOM: summons friendly crimson imp
 13561 | Lair:5   | XOM: summons 2 hostile demons
 13630 | Lair:5   | Reached XP level 14. HP: 130/141 MP: 0/13
 13641 | Lair:5   | Found a large runed translucent door.
 13641 | Lair:5   | Found a large runed translucent door.
 13656 | Lair:5   | XOM: polymorph crimson imp -> shadow imp
 13873 | Lair:5   | XOM: noise
 14025 | Lair:5   | XOM: confusion (+ monsters)
 14027 | Lair:5   | XOM: noise
 14410 | Lair:3   | XOM: silly message
 14493 | D:8      | XOM: confuse monster(s)
 14496 | D:8      | Reached skill level 14 in Fighting
 14565 | D:8      | XOM: stat loss: -1 Str (24/25)
 14616 | Orc:1    | Entered Level 1 of the Orcish Mines
 14785 | Orc:1    | XOM: give mutations
 14785 | Orc:1    | Gained mutation: You occasionally lose the ability to drink
                  | potions when taking damage. [Xom's mischief]
 14785 | Orc:1    | Gained mutation: You are completely covered in iridescent
                  | scales. (AC +6) [Xom's mischief]
 14785 | Orc:1    | Gained mutation: Your health recovers twice as slowly from
                  | being drained. [Xom's mischief]
 14785 | Orc:1    | Lost mutation: You are dopey. (Int -2) [Xom's mischief]
 14876 | Orc:2    | Entered Level 2 of the Orcish Mines
 14883 | Orc:2    | XOM: confuse monster(s)
 14919 | Orc:2    | Reached skill level 15 in Fighting
 14951 | Orc:2    | Reached skill level 1 in Throwing
 14960 | Orc:2    | XOM: silly message
 15115 | Orc:2    | Noticed Josephine
 15125 | Orc:2    | XOM: divination: detect creatures
 15128 | Orc:2    | Killed Josephine
 15171 | Orc:2    | XOM: cast spell 'Olgreb's Toxic Radiance'
 15172 | Orc:2    | XOM: scenery: create altars
 15246 | Orc:2    | Noticed Jorgrun
 15249 | Orc:2    | XOM: cleaving
 15253 | Orc:2    | XOM: summons friendly shadow imp
 15259 | Orc:2    | Killed Jorgrun
 15260 | Orc:2    | Reached skill level 5 in Throwing
 15354 | Orc:2    | XOM: cast spell 'Summon Mana Viper'
 15458 | Orc:2    | Found Linaot's Antique Armour Emporium.
 15458 | Orc:2    | Found Neblaemu's Book Shop.
 15481 | Orc:2    | Found Ritomeli's Magic Scroll Boutique.
 15483 | Orc:2    | Found Irhuafo's Book Shoppe.
 15500 | Orc:2    | Bought a scroll of fog for 60 gold pieces
 15500 | Orc:2    | Bought a scroll of identify for 30 gold pieces
 15505 | Orc:2    | Bought a scroll of enchant armour for 112 gold pieces
 15716 | Orc:1    | Found Yvewus's Armour Boutique.
 15728 | Orc:1    | XOM: divination: detect creatures
 15838 | Orc:1    | You fall into a shaft and drop 1 floor!
 15840 | Orc:2    | Found a staircase to the Elven Halls.
 15915 | Orc:2    | Identified the +2 hat of the Harvest Moon {Int+2}
 16000 | Orc:2    | Bought a bloodstained plate armour for 700 gold pieces
 16000 | Orc:2    | Identified the +6 plate armour of Privacy {^Drain rElec
                  | Slay+5 SInv} (You bought it in a shop on level 2 of the
                  | Orcish Mines)
 16018 | Orc:2    | XOM: give mutations
 16018 | Orc:2    | Gained mutation: Your mind is acute. (Int +4, Str/Dex -1)
                  | [Xom's grace]
 16018 | Orc:2    | Gained mutation: Your muscles are very strong. (Str +8,
                  | Int/Dex -2) [Xom's grace]
 16169 | D:4      | Bought a ring of poison resistance for 280 gold pieces
 16370 | D:11     | XOM: enchant monster (good)
 16381 | D:11     | XOM: summons friendly white imp
 16386 | D:11     | XOM: enchant monster (bad)
 16396 | D:11     | XOM: confusion
 16397 | D:11     | XOM: chaos cloud
 16400 | D:11     | XOM: silly message
 16452 | D:11     | Identified the ring "Romoculi" {+Blink rF+}
 16487 | D:11     | XOM: swap monsters
 16518 | D:11     | XOM: chaos cloud
 16524 | D:11     | XOM: polymorph purple ugly thing -> green ugly thing
 16833 | D:11     | XOM: give mutations
 16833 | D:11     | Gained mutation: You have large cloven feet. [Xom's grace]
 16833 | D:11     | Gained mutation: You are very agile. (Dex +8, Str/Int -2)
                  | [Xom's grace]
 16833 | D:11     | Gained mutation: You are highly strong-willed. (Will++)
                  | [Xom's grace]
 16833 | D:11     | Gained mutation: You have hoof-like feet. [Xom's grace]
 17044 | D:12     | Noticed Azrael
 17047 | D:12     | XOM: enchant monster (good)
 17049 | D:12     | XOM: enchant monster (bad)
 17055 | D:12     | XOM: divination: magic mapping
 17057 | D:12     | Killed Azrael
 17058 | D:12     | Reached skill level 10 in Throwing
 17058 | D:12     | Reached XP level 15. HP: 141/155 MP: 0/14
 17192 | D:12     | XOM: silly message
 17317 | D:12     | Identified the +1 leather armour of Qiomma {rC- Int+7}
 17579 | D:12     | XOM: potion effect (brilliance)
 17748 | D:12     | Identified a scroll of acquirement
 17919 | D:12     | Noticed Sonja
 17924 | D:12     | Killed Sonja
 18329 | D:13     | XOM: scenery: 1 doors open
 18392 | D:13     | XOM: enchant monster (good)
 18398 | D:13     | XOM: 5-stop teleportation journey
 18468 | D:14     | XOM: summons 4 friendly demons
 18501 | D:14     | XOM: scenery: 2 doors open
 18620 | D:14     | XOM: give mutations
 18620 | D:14     | Gained mutation: Your mind is very acute. (Int +8, Str/Dex
                  | -2) [Xom's grace]
 18620 | D:14     | Gained mutation: You passively dampen the noise of your
                  | surroundings. [Xom's grace]
 18688 | D:14     | XOM: polymorph catoblepas -> shining eye
 18720 | D:14     | Found a gate leading to a gauntlet.
 18728 | D:14     | Acquired the +2 hat of Iceurph {Rampage rPois}
 18754 | Gauntlet | Entered a Gauntlet
 18754 | Gauntlet | Found a transporter.
 18754 | Gauntlet | Found a runed translucent gate.
 18754 | Gauntlet | Found a transporter.
 18757 | Gauntlet | Found a runed translucent gate.
 18758 | Gauntlet | Found a runed translucent gate.
 18763 | Gauntlet | Found a transporter.
 18767 | Gauntlet | Found a transporter.
 18775 | Gauntlet | Found a transporter.
 18779 | Gauntlet | Found a transporter.
 18790 | Gauntlet | Found a transporter.
 18792 | Gauntlet | Found the +3 pair of seven-league boots {Rampage+∞}
 18803 | Gauntlet | Found a transporter.
 18817 | Gauntlet | Found a transporter.
 18821 | Gauntlet | Found a transporter.
 18829 | Gauntlet | Found a transporter.
 18833 | Gauntlet | Found a transporter.
 19199 | Gauntlet | Identified the +0 leather armour of the Devil's Advocate
                  | {Dex+3}
 19200 | Gauntlet | Got Egguif's Folio of the Allied Impact
 19644 | D:13     | XOM: confuse monster(s)
 19647 | D:13     | Identified the +10 arbalest of Lies {elec, Int+3}
 19665 | D:13     | Found a gate to the Vaults.
 20078 | D:15     | Entered Level 15 of the Dungeon
 20121 | D:15     | Noticed Kirke
 20129 | D:15     | Killed Kirke
 20200 | D:15     | XOM: cleaving
 20236 | D:15     | XOM: cast spell 'Metabolic Englaciation'
 20249 | D:15     | XOM: confuse monster(s)
 20344 | D:15     | XOM: enchant monster (bad)
 20368 | D:15     | Reached XP level 16. HP: 143/163 MP: 2/15
 20450 | D:15     | XOM is BORED!
 20616 | D:15     | XOM: cleaving
 20755 | D:15     | XOM: potion effect (attraction)
 20793 | D:15     | Reached skill level 15 in Armour
 20800 | D:15     | Found a staircase to the Depths.
 20878 | D:15     | XOM: scenery: 1 doors close
 21010 | D:11     | XOM: noise
 21083 | Spider:1 | Entered Level 1 of the Spider Nest
 21087 | Spider:1 | XOM: summons friendly shadow imp
 21242 | Spider:1 | Noticed Frances
 21249 | Spider:1 | Killed Frances
 21568 | Spider:2 | XOM: confuse monster(s)
 21723 | Spider:2 | XOM: polymorph boulder beetle -> skyshark
 21791 | Spider:2 | Noticed Arachne
 21802 | Spider:2 | Killed Arachne
 21883 | Spider:2 | XOM: enchant monster (bad)
 21931 | Spider:2 | XOM: 2-stop teleportation journey
 22022 | Spider:2 | Noticed Asterion
 22024 | Spider:2 | Killed Asterion
 22076 | Spider:2 | XOM: enchant monster (bad)
 22131 | Spider:2 | Noticed Donald
 22135 | Spider:2 | XOM: confusion (+ monsters)
 22140 | Spider:2 | Killed Donald
 22141 | Spider:2 | Reached skill level 1 in Shields
 22200 | Spider:2 | XOM: give mutations
 22200 | Spider:2 | Lost mutation: You are very agile. (Dex +8, Str/Int -2)
                  | [Xom's mischief]
 22200 | Spider:2 | Lost mutation: You are completely covered in iridescent
                  | scales. (AC +6) [Xom's mischief]
 22200 | Spider:2 | Lost mutation: Your mind is very acute. (Int +8, Str/Dex
                  | -2) [Xom's mischief]
 22295 | Spider:2 | XOM: give mutation
 22295 | Spider:2 | Lost mutation: You are mostly covered in iridescent scales.
                  | (AC +4) [Xom's mischief]
 22708 | Spider:3 | XOM: enchant monster (bad)
 22768 | Spider:3 | XOM: swap monsters
 22769 | Spider:3 | a demonic crawler changed into an Executioner
 22769 | Spider:3 | Noticed an Executioner
 22769 | Spider:3 | XOM: polymorph demonic crawler -> Executioner
 22776 | Spider:2 | Killed an Executioner
 22874 | Spider:3 | XOM: noise
 22886 | Spider:3 | Reached skill level 5 in Shields
 22982 | Spider:3 | XOM: silly message
 23150 | Spider:4 | Entered Level 4 of the Spider Nest
 23186 | Spider:4 | Reached XP level 17. HP: 173/173 MP: 9/16
 23199 | Spider:4 | XOM: silly message
 23384 | Spider:4 | XOM: silly message
 23486 | Spider:4 | XOM: potion effect (might)
 23586 | Spider:4 | XOM: cast spell 'Fugue of the Fallen'
 23630 | Spider:4 | Reached skill level 10 in Shields
 23678 | Spider:4 | XOM: divination: detect items
 23713 | Spider:4 | Identified the -2 hat of Midsummer {Str+3 Dex+3}
 23803 | Spider:4 | XOM: divination: magic mapping
 23834 | Spider:4 | Got a gossamer rune of Zot
 23851 | Spider:4 | XOM: noise
 23898 | Spider:4 | Identified the -2 pair of gloves of Vermicelli {rF+}
 24105 | D:9      | XOM: noise
 24192 | D:5      | XOM: divination: magic mapping
 24221 | D:4      | Bought a ring of flight for 245 gold pieces
 24229 | D:4      | XOM is BORED!
 24429 | Swamp:1  | Entered Level 1 of the Swamp
 24473 | Swamp:1  | XOM: potion effect (magic)
 24489 | Swamp:1  | XOM: enchant monster (good)
 24733 | Swamp:1  | XOM: god gift: +1 cloak of poison resistance
 25059 | Swamp:2  | Noticed Roxanne
 25117 | Swamp:2  | XOM: stat loss: -1 Dex (15/16)
 25134 | Swamp:3  | XOM: cast spell 'Fugue of the Fallen'
 25217 | Swamp:2  | XOM: give mutations
 25217 | Swamp:2  | Gained mutation: You possess an exceptional clarity of
                  | mind. [Xom's grace]
 25217 | Swamp:2  | Gained mutation: You are very agile. (Dex +8, Str/Int -2)
                  | [Xom's grace]
 25217 | Swamp:2  | Gained mutation: Your flesh is cold resistant. (rC+) [Xom's
                  | grace]
 25249 | Swamp:2  | XOM: god gift: 974 gold pieces
 25314 | Swamp:2  | XOM: god gift: plate armour {god gift}
 25346 | Swamp:2  | XOM: give mutations
 25346 | Swamp:2  | Gained mutation: You are mostly covered in iridescent
                  | scales. (AC +4) [Xom's grace]
 25346 | Swamp:2  | Gained mutation: Your flesh is heat resistant. (rF+) [Xom's
                  | grace]
 25346 | Swamp:2  | Gained mutation: You have very sharp teeth. [Xom's grace]
 25354 | Swamp:2  | Killed Roxanne
 25355 | Swamp:2  | Reached skill level 15 in Shields
 25395 | Swamp:2  | Reached skill level 16 in Fighting
 25396 | Swamp:2  | Got the Atlas of the Weasel
 25493 | Swamp:4  | Entered Level 4 of the Swamp
 25690 | Swamp:3  | XOM: fog
 25692 | Swamp:3  | XOM: scenery: create altars
 25984 | Swamp:4  | Noticed MrSquiggles's ghost (adept HuAl)
 25986 | Swamp:4  | Found a bloodstained altar of Trog.
 26008 | Swamp:4  | Found a transporter.
 26011 | Swamp:4  | Found a transporter.
 26019 | Swamp:4  | XOM: enchant monster (good)
 26020 | Swamp:4  | XOM: god gift: ring of wizardry
 26027 | Swamp:4  | Reached XP level 18. HP: 146/184 MP: 2/17
 26088 | Swamp:4  | Found the macabre finger necklace {Finger+ rN+}
 26128 | Swamp:4  | XOM: 5-stop teleportation journey
 26173 | Swamp:4  | Reached skill level 17 in Fighting
 26186 | Swamp:4  | XOM: scenery: summon butterflies
 26230 | Swamp:4  | XOM: blink monster(s)
 26256 | Swamp:4  | Noticed Bai Suzhen
 26263 | Swamp:4  | XOM: cast spell 'Summon Cactus Giant'
 26267 | Swamp:4  | Killed Bai Suzhen
 26285 | Swamp:4  | Reached skill level 18 in Fighting
 26341 | Swamp:4  | XOM: swap monsters
 26343 | Swamp:4  | XOM: polymorph slime creature -> cyclops
 26357 | Swamp:4  | Got a decaying rune of Zot
 26389 | Swamp:4  | XOM: confuse monster(s)
 26409 | Swamp:4  | Reached skill level 19 in Fighting
 26588 | Swamp:4  | XOM: summons 13 friendly demons
 26616 | Swamp:4  | Killed MrSquiggles's ghost
 26803 | D:12     | XOM: give mutations
 26803 | D:12     | Gained mutation: You are extremely strong-willed. (Will+++)
                  | [Xom's grace]
 26803 | D:12     | Gained mutation: Your flesh is very cold resistant. (rC++)
                  | [Xom's grace]
 26803 | D:12     | Gained mutation: You have hooves in place of feet. [Xom's
                  | grace]
 26803 | D:12     | Gained mutation: You expend magic power (3 MP) to
                  | strengthen your wands. [Xom's grace]
 26848 | Vaults:1 | Entered Level 1 of the Vaults
 26907 | Vaults:1 | Reached skill level 20 in Fighting
 26952 | Vaults:1 | XOM: give mutations
 26952 | Vaults:1 | Gained mutation: You are covered in fur. (AC +1) [Xom's
                  | grace]
 26952 | Vaults:1 | Gained mutation: You are covered in thick fur. (AC +2)
                  | [Xom's grace]
 26985 | Vaults:1 | Found a magical portal.
 26997 | WizLab   | Entered Maxwell's Workshop
 27128 | WizLab   | XOM: summons 15 friendly demons
 27129 | WizLab   | Reached skill level 21 in Fighting
 27130 | WizLab   | XOM: cleaving
 27184 | WizLab   | Identified the ring "Erchoxuj" {Fire Str+8 Int-3}
 27197 | WizLab   | Noticed an electric golem
 27205 | WizLab   | XOM: summons 2 friendly demons
 27208 | WizLab   | Killed an electric golem
 27225 | WizLab   | XOM: fog
 27226 | WizLab   | Identified the +1 robe of Starshine {rC+}
 27227 | WizLab   | Identified the +1 ring mail of Ciod {Will+}
 27231 | WizLab   | Reached XP level 19. HP: 163/209 MP: 2/18
 27268 | WizLab   | XOM: god gift: scarf of harm
 27320 | WizLab   | XOM: divination: detect creatures
 27333 | WizLab   | Found the +2 Maxwell's thermic engine {flame, freeze, rev}
 27347 | WizLab   | XOM: give mutation
 27347 | WizLab   | Lost mutation: You passively dampen the noise of your
                  | surroundings. [Xom's mischief]
 27575 | Vaults:1 | Reached skill level 22 in Fighting
 27670 | Vaults:1 | XOM: chaos cloud
 27701 | Vaults:1 | XOM: 7-stop teleportation journey
 27802 | Vaults:1 | XOM: scenery: 4 doors close
 27906 | Vaults:1 | XOM: noise
 27983 | Vaults:1 | XOM: summons friendly iron imp
 27986 | Vaults:1 | Reached skill level 23 in Fighting
 27994 | Vaults:1 | XOM: enchant monster (bad)
 28001 | Vaults:1 | XOM: enchant monster (good)
 28247 | Vaults:1 | Found Kerr's Magic Scroll Shop.
 28250 | Vaults:1 | Bought a scroll of teleportation for 33 gold pieces
 28250 | Vaults:1 | Bought a scroll of blinking for 82 gold pieces
 28250 | Vaults:1 | Bought a scroll of fog for 44 gold pieces
 28303 | Vaults:1 | XOM: swap monsters
 28304 | Vaults:1 | XOM: polymorph lindwurm -> shapeshifter
 28428 | Vaults:2 | XOM: enchant monster (good)
 28507 | Vaults:2 | XOM: divination: detect items
 28528 | Vaults:2 | Noticed Saint Roka
 28758 | Vaults:2 | XOM: 1-stop teleportation journey
 28759 | Vaults:2 | XOM: give mutations
 28759 | Vaults:2 | Lost mutation: Your mind is acute. (Int +4, Str/Dex -1)
                  | [Xom's mischief]
 28759 | Vaults:2 | Lost mutation: Your flesh is very cold resistant. (rC++)
                  | [Xom's mischief]
 28759 | Vaults:2 | Lost mutation: You are extremely strong-willed. (Will+++)
                  | [Xom's mischief]
 28759 | Vaults:2 | Lost mutation: You expend magic power (3 MP) to strengthen
                  | your wands. [Xom's mischief]
 28784 | Vaults:2 | XOM: god gift: sack of spiders
 28816 | Vaults:2 | Reached skill level 24 in Fighting
 28821 | Vaults:2 | Reached XP level 20. HP: 225/226 MP: 1/19
 28842 | Vaults:2 | XOM: summons friendly iron imp
 28851 | Vaults:2 | Killed Saint Roka
 28854 | Vaults:2 | XOM: polymorph orc priest -> hog
 28934 | Vaults:2 | Identified the +10 short sword of Fragile Peace {flame,
                  | Will- Str+4}
 28964 | Vaults:2 | XOM: blink monster(s)
 29161 | Vaults:3 | Reached skill level 15 in Dodging
 29262 | Vaults:2 | XOM: give mutation
 29262 | Vaults:2 | Lost mutation: You are covered in thick fur. (AC +2) [Xom's
                  | mischief]
 29570 | Vaults:3 | XOM: summons 11 hostile demons
 29587 | Vaults:3 | XOM: scenery: 1 doors open, 2 doors close
 29589 | Vaults:3 | Noticed Mara
 29593 | Vaults:3 | XOM: polymorph ironbound frostheart -> storm dragon
 29607 | Vaults:3 | Noticed Daunt's illusion
 29607 | Vaults:3 | Killed Mara
 29726 | Vaults:3 | XOM: enchant monster (bad)
 29829 | Vaults:3 | Found a staircase to the Crypt.
 29859 | Vaults:3 | Found Pont's Antique Weapon Emporium.
 29874 | Vaults:3 | XOM: silly message
 29933 | Vaults:3 | XOM: chaos upgrade
 29985 | Vaults:3 | Found Ofianyss's Spherical Supermarket.
 30064 | Vaults:3 | Found Zatrimo's Distillery.
 30075 | Vaults:3 | XOM: noise
 30310 | Vaults:4 | XOM: draining
 30418 | Vaults:4 | Noticed a golden dragon
 30451 | Vaults:4 | XOM: give mutations
 30451 | Vaults:4 | Lost mutation: You are robust. (+10% HP) [Xom's mischief]
 30451 | Vaults:4 | Lost mutation: Your flesh is heat resistant. (rF+) [Xom's
                  | mischief]
 30545 | Vaults:4 | XOM: chaos upgrade
 30550 | Vaults:4 | Reached skill level 25 in Fighting
 30561 | Vaults:4 | XOM: chaos upgrade
 30563 | Vaults:4 | XOM: give mutations
 30563 | Vaults:4 | Lost mutation: You possess an exceptional clarity of mind.
                  | [Xom's mischief]
 30563 | Vaults:4 | Lost mutation: You are very agile. (Dex +8, Str/Int -2)
                  | [Xom's mischief]
 30563 | Vaults:4 | Lost mutation: You are mostly covered in iridescent scales.
                  | (AC +4) [Xom's mischief]
 30626 | Vaults:1 | XOM: noise
 30642 | Vaults:1 | XOM: summons 1 hostile demon
 30763 | D:14     | XOM: give mutations
 30763 | D:14     | Lost mutation: Your flesh is cold resistant. (rC+) [Xom's
                  | mischief]
 30763 | D:14     | Lost mutation: You occasionally lose the ability to drink
                  | potions when taking damage. [Xom's mischief]
 30763 | D:14     | Gained mutation: Your body sometimes deteriorates upon
                  | taking damage. [Xom's mischief]
 30763 | D:14     | Lost mutation: You have hooves in place of feet. [Xom's
                  | mischief]
 30848 | D:12     | XOM: draining
 30994 | D:12     | XOM: stat loss: -1 Dex (17/18)
 31097 | Orc:2    | Bought a scroll of enchant weapon for 112 gold pieces
 31105 | Orc:2    | XOM: give mutation
 31105 | Orc:2    | Lost mutation: You are covered in fur. (AC +1) [Xom's
                  | mischief]
 31133 | Orc:1    | XOM: draining
 31561 | Lair:5   | XOM: summons 2 hostile shadow creatures
 31912 | Vaults:4 | XOM: summons friendly white imp
 32128 | Vaults:4 | Reached XP level 21. HP: 98/157 MP: 1/20
 32275 | Vaults:4 | Found a portal to a secret trove of treasure.
 32315 | Vaults:4 | XOM: summons 4 hostile shadow creatures
 32424 | Vaults:4 | XOM: polymorph great orb of eyes -> swamp worm
 32485 | Vaults:3 | XOM: cloud trail
 32499 | Vaults:2 | XOM: give mutations
 32499 | Vaults:2 | Lost mutation: Your muscles are very strong. (Str +8,
                  | Int/Dex -2) [Xom's mischief]
 32499 | Vaults:2 | Lost mutation: You are highly strong-willed. (Will++)
                  | [Xom's mischief]
 32499 | Vaults:2 | Lost mutation: Your body sometimes deteriorates upon taking
                  | damage. [Xom's mischief]
 32499 | Vaults:2 | Gained mutation: Your body sometimes deteriorates upon
                  | taking damage. [Xom's mischief]
 32619 | D:13     | XOM: divination: magic mapping
 32704 | D:15     | XOM: divination: magic mapping
 32733 | Depths:1 | XOM: stealth player
 32733 | Depths:1 | Entered Level 1 of the Depths
 32886 | Depths:1 | Noticed Norris
 32906 | Depths:1 | XOM: potion effect (invisibility)
 32908 | Depths:1 | Killed Norris
 33030 | Depths:1 | Identified the staff of Wrongful Imprisonment {rPois Stlth+
                  | Hexes Alchemy}
 33097 | Depths:1 | XOM: silly message
 33232 | Depths:1 | Identified the +2 robe "Noull" {rN+ Slay+4}
 33296 | Depths:1 | Found a runed translucent door.
 33296 | Depths:1 | Found a shimmering altar of Xom.
 33296 | Depths:1 | Noticed Oxzi's ghost (adept DEHW)
 33296 | Depths:1 | Identified the +9 great sword of the Undead {chaos, rC++
                  | rN+ Will+}
 33310 | Depths:1 | Found Ickaphi's Weapon Boutique.
 33520 | Depths:1 | Found a gateway to Hell.
 33585 | Depths:1 | XOM: divination: detect creatures
 33720 | Depths:1 | Killed Oxzi's ghost
 33725 | Depths:1 | Identified the ring "Buddam" {Int+6 Dex+6}
 33871 | Depths:2 | Found a one-way gate leading to the halls of Pandemonium.
 33915 | Depths:2 | XOM: cast spell 'Dispersal'
 34115 | Depths:2 | XOM: divination: detect items
 34142 | Depths:2 | XOM: noise
 34153 | Depths:2 | Noticed a golden dragon
 34157 | Depths:2 | XOM: swap monsters
 34164 | Depths:2 | Killed a golden dragon
 34208 | Depths:2 | XOM: noise
 34230 | Depths:2 | XOM: cast spell 'Cause Fear'
 34234 | Depths:2 | Reached XP level 22. HP: 222/226 MP: 3/21
 34354 | Depths:2 | XOM: smoke on damage
 34368 | Depths:2 | Found a snail-covered altar of Cheibriados.
 34526 | Depths:2 | Found a one-way gateway to a ziggurat.
 34560 | Depths:2 | XOM: scenery: create altars
 34668 | Depths:3 | XOM: god gift: 871 gold pieces
 34739 | Depths:3 | Noticed an ancient lich
 34747 | Depths:3 | XOM: scenery: create altars
 34748 | Depths:3 | Killed an ancient lich
 34758 | Depths:3 | XOM: summons 10 friendly demons
 34781 | Depths:3 | Identified the +1 leather armour of the Morning Star {rPois
                  | Will+++ Str-2 Int-5}
 34785 | Depths:3 | XOM: give mutation
 34785 | Depths:3 | Gained mutation: You are very agile. (Dex +8, Str/Int -2)
                  | [Xom's grace]
 35335 | Depths:3 | Noticed an ancient lich
 35343 | Depths:3 | Killed an ancient lich
 35494 | Depths:3 | XOM: summons 2 friendly demons
 35690 | Depths:3 | XOM: noise
 35704 | Depths:3 | XOM: noise
 35779 | Depths:3 | Found a one-way gate to the infinite horrors of the Abyss.
 36012 | Depths:4 | XOM: stealth player
 36012 | Depths:4 | Entered Level 4 of the Depths
 36015 | Depths:4 | XOM: summons 6 friendly demons
 36016 | Depths:4 | XOM: summons 2 friendly demons
 36769 | Depths:4 | Noticed a juggernaut
 36774 | Depths:4 | Killed a juggernaut
 36814 | Depths:4 | XOM: confuse monster(s)
 36829 | Depths:4 | XOM: torment (126/226 hp)
 36970 | Depths:4 | XOM: enchant monster (bad)
 37060 | Depths:4 | XOM: scenery: 3 doors close
 37136 | Depths:4 | Noticed a caustic shrike
 37136 | Depths:4 | Noticed a caustic shrike
 37141 | Depths:4 | Killed a caustic shrike
 37164 | Depths:4 | XOM: cloud trail
 37193 | Depths:4 | Noticed a golden dragon
 37193 | Depths:4 | Noticed a caustic shrike
 37196 | Depths:4 | Noticed a caustic shrike
 37198 | Depths:4 | XOM: cast spell 'Fugue of the Fallen'
 37200 | Depths:4 | Killed a caustic shrike
 37203 | Depths:4 | XOM: potion effect (berserk rage)
 37204 | Depths:4 | XOM: scenery: 1 fountains blood, 5 doors close
 37205 | Depths:4 | Killed a golden dragon
 37215 | Depths:4 | Killed a caustic shrike
 37219 | Depths:4 | Reached XP level 23. HP: 234/234 MP: 2/22
 37221 | Depths:4 | Killed a caustic shrike
 37225 | Depths:4 | XOM: 1-stop teleportation journey
 37298 | Depths:4 | XOM: potion effect (heal wounds)
 37309 | Depths:4 | Identified the +1 cloak of the Armadillo {Will+ Dex+2}
 37352 | Depths:4 | XOM: swap monsters
 37422 | Depths:4 | XOM: summons 13 friendly demons
 37449 | Depths:4 | Found a gate to the Realm of Zot.
 37482 | Depths:4 | XOM: swap monsters
 37483 | Depths:4 | XOM: 3-stop teleportation journey
 37574 | Depths:4 | Noticed a juggernaut
 37586 | Depths:4 | Killed a juggernaut
 37852 | D:14     | XOM: summons 12 hostile demons
 38076 | Crypt:1  | Entered Level 1 of the Crypt
 38115 | Crypt:1  | XOM: chaos cloud
 38172 | Crypt:1  | XOM: noise
 38174 | Crypt:1  | XOM: noise
 38277 | Crypt:1  | XOM: 1-stop teleportation journey
 38404 | Crypt:1  | XOM: summons 2 hostile demons
 38444 | Crypt:1  | XOM: polymorph necromancer -> shapeshifter
 38453 | Crypt:1  | XOM: blink monster(s)
 38518 | Crypt:1  | XOM: draining
 38876 | Crypt:3  | Entered Level 3 of the Crypt
 38965 | Crypt:2  | Noticed Vv
 39186 | Crypt:3  | XOM: scenery: 1 doors open, 1 doors close
 39217 | Crypt:3  | Found a basalt altar of Yredelemnul.
 39258 | Crypt:3  | XOM: scenery: 1 fountains blood, 2 doors close
 39306 | Crypt:3  | XOM: summons friendly white imp
 39389 | Crypt:3  | XOM: scenery: 3 doors open, 2 doors close
 39421 | Crypt:3  | Identified the +6 shortbow of the Fray {elec, rN++ MP+9
                  | Str+3 Dex+4}
 39436 | Crypt:3  | XOM: 1-stop teleportation journey
 39546 | Crypt:3  | Identified the staff "Roimiupp" {rElec rPois rCorr Conj
                  | Earth}
 39634 | Crypt:3  | Reached skill level 10 in Evocations
 39657 | Crypt:3  | Identified the staff of Lust {rElec rF+ rN+ Will++ Fire}
 39694 | Crypt:3  | Noticed a dread lich
 39707 | Crypt:3  | Killed a dread lich
 39708 | Crypt:3  | Reached XP level 24. HP: 245/245 MP: 10/22
 39731 | Crypt:3  | Found a staircase to the Tomb.
 39738 | Crypt:3  | Got an ivory gem with 203 turns to spare
 39778 | Crypt:3  | Identified the ring "Dennaphuz" {^Drain rN+ Str+2 Int+2
                  | Slay+5}
 39778 | Crypt:3  | Identified the ring of Sickoba {rN+ Int+4 Dex-3}
 40021 | Vaults:1 | Bought a scroll of enchant armour for 82 gold pieces
 40818 | Depths:2 | Identified the ring of Kimnazeul {rPois Will+ Int-5 Dex+3}
                  | (Xom gifted it to you on level 2 of the Depths)
 40818 | Depths:2 | XOM: god gift: ring of Kimnazeul {rPois Will+ Int-5 Dex+3}
 41106 | Slime:1  | Entered Level 1 of the Pits of Slime
 41285 | Slime:2  | XOM: scenery: create altars
 41388 | Slime:5  | Entered Level 5 of the Pits of Slime
 41393 | Slime:3  | Gained mutation: You sometimes lose your temper in combat.
                  | [a shining eye]
 41638 | Slime:4  | XOM: 1-stop teleportation journey
 41645 | Slime:4  | XOM: god gift: glowing lajatang {god gift}
 41761 | Slime:5  | Lost mutation: You have very sharp teeth. [a shining eye]
 41925 | Slime:5  | XOM: fog
 42012 | Slime:5  | XOM: divination: detect creatures
 42048 | Slime:5  | XOM: god gift: staff of fire
 42070 | Slime:5  | XOM: scenery: create altars
 42163 | Slime:5  | Found a viscous altar of Jiyva.
 42165 | Slime:5  | Noticed the Royal Jelly
 42169 | Slime:5  | XOM: 5-stop teleportation journey
 42214 | Slime:5  | XOM: polymorph acid blob -> shapeshifter
 42321 | Slime:5  | XOM: give mutations
 42321 | Slime:5  | Gained mutation: You have a pair of large horns on your
                  | head. [Xom's grace]
 42321 | Slime:5  | Gained mutation: You have hooves in place of feet. [Xom's
                  | grace]
 42327 | Slime:5  | XOM: divine lightning
 42699 | Slime:5  | XOM: god gift: 38 gold pieces
 42802 | Slime:5  | XOM: cleaving
 42804 | Slime:5  | Killed the Royal Jelly
 42826 | Slime:5  | Got Sif Muna's Dissertation on Fuming Doom
 42829 | Slime:5  | Identified the staff "Vutz" {Will+ Dex+3 Earth}
 42863 | Slime:5  | Identified the +7 lajatang "Seedic" {heavy, *Rage +Blink
                  | rC+ rN+ Str+9}
 42888 | Slime:5  | Identified the +5 mace of Cheibriados's Outrage {antimagic,
                  | rC+ Int+4}
 42892 | Slime:5  | Got a slimy rune of Zot
 42910 | Slime:5  | Identified the ring of Fusuv {Fire Will+ Int+3 SInv Stlth+}
 42944 | Slime:5  | Identified the +6 war axe of Ciomeg {holy, rCorr}
 42945 | Slime:5  | Identified the ring of Sloth {rC+ Will+ Int+2}
 43001 | Slime:5  | Identified the +4 dagger of the Maze {flame, Fly rF+++
                  | Int-4 Dex+3}
 43154 | Lair:3   | XOM: give mutations
 43154 | Lair:3   | Gained mutation: You have hidden genetic potential. [Xom's
                  | grace]
 43154 | Lair:3   | Gained mutation: You are mostly covered in iridescent
                  | scales. (AC +4) [Xom's grace]
 43154 | Lair:3   | Lost mutation: You have hidden genetic potential. [Xom's
                  | grace]
 43154 | Lair:3   | Gained mutation: You are somewhat resistant to further
                  | mutation. [Xom's grace]
 43321 | Depths:2 | XOM is BORED!
 43321 | Depths:2 | XOM: noise
 43466 | Zot:1    | Entered Level 1 of the Realm of Zot
 43797 | D:12     | XOM: give mutation
 43797 | D:12     | Lost mutation: You are very agile. (Dex +8, Str/Int -2)
                  | [Xom's mischief]
 44011 | Lair:1   | XOM is BORED!
 44011 | Lair:1   | XOM: give mutations
 44011 | Lair:1   | Lost mutation: You are somewhat resistant to further
                  | mutation. [Xom's mischief]
 44011 | Lair:1   | Lost mutation: Your muscles are strong. (Str +4, Int/Dex
                  | -1) [Xom's mischief]
 44011 | Lair:1   | Gained mutation: You have an uncontrollable temper. [Xom's
                  | mischief]
 44338 | Zot:1    | Reached skill level 26 in Fighting
 44592 | Zot:1    | XOM: stat loss: -1 Str (33/34)
 44660 | Zot:2    | XOM: polymorph purple draconian shifter -> frost giant
 44931 | Zot:2    | XOM: summons friendly quasit
 45179 | Zot:2    | XOM: torment (150/247 hp)
 45383 | Zot:2    | XOM: stat loss: -1 Int (10/11)
 45519 | Zot:2    | XOM: 1-stop teleportation journey
 46052 | Zot:3    | XOM: summons friendly quasit
 46060 | Zot:3    | XOM: polymorph storm dragon -> stone giant
 46063 | Zot:3    | Identified the +5 chain mail "Zimuh" {Int+4 SInv}
 46418 | Zot:3    | XOM: cleaving
 46424 | Zot:3    | Reached XP level 25. HP: 252/253 MP: 3/22
 46489 | Zot:3    | Noticed an orb of fire
 46497 | Zot:3    | Gained mutation: You are weak. (Str -2) [an orb of fire]
 46498 | Zot:3    | Killed an orb of fire
 46534 | Zot:3    | XOM: silly message
 46659 | Zot:3    | Noticed an orb of fire
 46660 | Zot:3    | XOM: stat loss: -1 Dex (15/16)
 46667 | Zot:3    | Gained mutation: Potions are less effective at restoring
                  | your health. [an orb of fire]
 46668 | Zot:3    | Killed an orb of fire
 46669 | Zot:3    | Reached skill level 27 in Fighting
 46755 | Zot:3    | XOM: noise
 46975 | Zot:3    | XOM: 1-stop teleportation journey
 47031 | Zot:3    | XOM: summons 1 hostile demon
 47040 | Zot:3    | XOM: enchant monster (bad)
 47060 | Zot:3    | XOM: enchant monster (bad)
 47111 | Zot:4    | XOM: confusion
 47191 | Zot:4    | Found an opulent altar of Gozag.
 47220 | Zot:3    | Identified the +4 rapier of Geotax {flame, rElec rF+++
                  | rCorr Dex-4}
 47261 | Zot:3    | XOM: summons 6 friendly demons
 47269 | Zot:3    | XOM: summons 3 hostile demons
 47324 | Zot:3    | XOM: cloud trail
 47716 | Zot:4    | XOM: cast spell 'Iskenderun's Battlesphere'
 47762 | Zot:5    | Entered Level 5 of the Realm of Zot
 47815 | Zot:4    | XOM: summons 1 hostile demon
 47876 | Zot:4    | XOM: potion effect (heal wounds)
 48073 | Zot:4    | Found an opulent altar of Gozag.
 48266 | Zot:4    | Found an opulent altar of Gozag.
 48487 | Zot:5    | XOM: 2-stop teleportation journey
 48490 | Zot:5    | XOM: cast spell 'Malign Gateway'
 48903 | Zot:5    | XOM: 3-stop teleportation journey
 48962 | Zot:5    | XOM: confuse monster(s)
 49038 | Zot:5    | XOM: fake destruction
 49043 | Zot:5    | XOM: polymorph Orb Guardian -> skyshark
 49043 | Zot:5    | Noticed a dread lich
 49048 | Zot:5    | Noticed a dread lich
 49054 | Zot:5    | XOM: summons friendly ufetubus
 49059 | Zot:5    | Noticed a Killer Klown
 49062 | Zot:5    | Killed a dread lich
 49062 | Zot:5    | Noticed an orb of fire
 49066 | Zot:5    | Killed a dread lich
 49067 | Zot:5    | Noticed an ancient lich
 49074 | Zot:5    | Noticed a dread lich
 49075 | Zot:5    | Noticed a Killer Klown
 49079 | Zot:5    | XOM: summons 6 friendly demons
 49080 | Zot:5    | Killed an orb of fire
 49081 | Zot:5    | Noticed an ancient lich
 49082 | Zot:5    | Killed an ancient lich
 49083 | Zot:5    | Noticed an ancient lich
 49085 | Zot:5    | Noticed a Killer Klown
 49088 | Zot:5    | Noticed a Killer Klown
 49089 | Zot:5    | XOM: cast spell 'Olgreb's Toxic Radiance'
 49097 | Zot:5    | Killed an ancient lich
 49101 | Zot:5    | Killed an ancient lich
 49104 | Zot:5    | XOM: enchant monster (good)
 49105 | Zot:5    | Killed a dread lich
 49115 | Zot:5    | Killed a Killer Klown
 49116 | Zot:5    | Reached XP level 26. HP: 266/266 MP: 3/22
 49164 | Zot:5    | XOM: noise
 49208 | Zot:5    | Noticed an orb of fire
 49214 | Zot:5    | Killed an orb of fire
 49234 | Zot:5    | XOM: god gift: ring mail {god gift}
 49242 | Zot:5    | XOM: blink monster(s)
 49248 | Zot:5    | XOM: noise
 49402 | Zot:5    | XOM: god gift: wand of polymorph (4)
 49415 | Zot:5    | Got the Orb of Zot
 49651 | Depths:4 | XOM: cleaving
 49654 | Depths:4 | XOM: polymorph demonspawn black sun -> satyr
 49743 | Depths:2 | XOM: god gift: staff of earth
 49987 | D:7      | Noticed Saoc the pandemonium lord
 49993 | D:7      | Noticed Qiefu the pandemonium lord
 49994 | D:7      | Killed Saoc the pandemonium lord
 49994 | D:7      | XOM: polymorph Qiefu -> Qiefu
 50000 | D:7      | Killed Qiefu the pandemonium lord
 50150 | D:$      | Escaped with the Orb!

Illustrated notes

Levels and vault maps discovered:
D:1:      amcnicky_arrival_double_pillar, layout_loops_ring
D:2:      layout_basic, kennysheep_small_spiral, minmay_misc_feat_columns
D:3:      layout_basic, lemuel_coloured_pillars_altar, zin_purify,
          shapermc_ecumenical_altar_ellora, corexii_shack, uniq_terence
D:4:      layout_rooms, nemelex_dance_club_becter,
          mainiacjoe_overflow_large_starburst, serial_shops,
          nicolae_diamond_shop, minmay_hollow_rounded_squares, uniq_natasha
D:5:      layout_basic, grunt_temple_overflow_lords_of_destruction,
          temple_statues
D:6:      layout_loops_ring, nicolae_wu_jian_wuxing_cycle,
          minmay_misc_feat_cross, uniq_sigmund
D:7:      layout_basic, kennysheep_mini_moat, mainiacjoe_overflow_24_doors,
          hangedman_abyss_or_decor_stagger, nicolae_take_the_stairs,
          uniq_maggie, uniq_prince_ribbit1
D:8:      layout_layer_cave, cheibriados_altar_1,
          gammafunk_temple_overflow_arena, serial_bayou_ford_a
D:9:      layout_loops_ring, fedhas_altar_fruit_tree,
          mainiacjoe_overflow_six_doors_small, orc_david_3
D:10:     layout_basic, serial_bayou_pond_a
D:11:     minmay_the_grid_square_5x5_4x4_mashed
          [minmay_the_grid_square_5x5_three_small,
          minmay_the_grid_square_5x5_gyroscope,
          minmay_the_grid_square_5x5_shuriken,
          minmay_the_grid_square_5x5_doubleslash,
          minmay_the_grid_square_5x5_minivault,
          minmay_the_grid_square_5x5_prize_rear_guard,
          minmay_the_grid_square_5x5_prize_pseudospiral,
          minmay_the_grid_square_5x5_n,
          minmay_the_grid_square_5x5_fancy_junction,
          minmay_the_grid_square_5x5_prize_gold,
          minmay_the_grid_square_5x5_prize_snowflake,
          minmay_the_grid_square_5x5_intrusive_squares,
          minmay_the_grid_square_5x5_slash,
          minmay_the_grid_square_5x5_almost_minimal,
          minmay_the_grid_square_5x5_broken_cross,
          minmay_the_grid_square_5x5_tri_point], layout_irregular_city,
          minmay_misc_feat_chi
D:12:     layout_cave_pools, uniq_sonja, uniq_azrael
D:13:     layout_roguey, ximxim_vaults_locker_room
D:14:     layout_irregular_city, gauntlet_entry_generic, serial_glass,
          glass_columns_a, glass_columns_b, glass_columns_b, glass_columns_a,
          glass_columns_a, glass_columns_a, glass_columns_a, glass_columns_a
D:15:     gammafunk_enter_depths_forms, layout_small_grid,
          grunt_decor_arrowhead, minivault_25_ag, uniq_kirke
Lair:1:   layout_cave_pods, grunt_megastairs_4
Lair:2:   layout_cellular_growth, serial_bayou_pond_c,
          grunt_forest_stairs_basic, serial_bayou_shore_a, lemuel_fruit_fields,
          uniq_amaemon, uniq_urug
Lair:3:   layout_regular_city, mainiacjoe_swamp_entry_angry_trees,
          nicolae_spider_entry_orb_guardian, lemuel_fruit_tree
Lair:4:   layout_cave_shapes
Lair:5:   cheibrodos_lair_end_hotspot, layout_cave_pods, slime_entry_1,
          wad_woods_road_01
Swamp:1:  layout_basic_swamp, evilmike_swamp_ruin_rubble_2, swamp_pool_4
Swamp:2:  layout_falls_marsh, evilmike_swamp_ruin_house_5,
          infiniplex_staircase_pool_2, uniq_roxanne
Swamp:3:  layout_basic_swamp, evilmike_swamp_ruin_house_6, swamp_pool_1_2
Swamp:4:  swamp_vile, layout_basic_swamp, gammafunk_ghost_wrathful_warriors,
          nicolae_swamp_catching_bugs, uniq_bai_suzhen
Spider:1: layout_spider_delve, hangedman_spider_tarantella_strand, uniq_frances
Spider:2: layout_chambers, uniq_asterion, uniq_arachne, uniq_donald
Spider:3: layout_spider_delve
Spider:4: guppyfry_spider_rune, nicolae_spider_paper_wasps
Slime:1:  cheibrodos_slime_lost_civilization_9, layout_caves,
          cheibrodos_slime_lost_civilization_7
Slime:2:  layout_caves
Slime:3:  layout_caves
Slime:4:  layout_caves
Slime:5:  slime_pit_nicolae_block_by_block
Orc:1:    layout_diamond_mine, serial_shops, shop
Orc:2:    st_orc_rangers, layout_caves, hangedman_minor_magic, uniq_josephine,
          uniq_jorgrun
Vaults:1: infiniplex_enter_wizlab_spiral, nicolae_vaults_sightless_eye,
          nicolae_vaults_wine_cellar, v_misc_32,
          nicolae_vaults_ellipses_ellipsis, nicolae_vaults_tetromino_L_2,
          nicolae_vaults_trapezoid_3, hangedman_vaults_slither,
          nicolae_vaults_closet_pinwheel_1, v_misc_16, ontoclasm_vaults_fault,
          nicolae_vaults_security_offices_5, ontoclasm_vaults_ligature,
          layout_vaults_omnibox, serial_shops, nicolae_shop_rolled_up
Vaults:2: v_alt_pattern_5, hangedman_vaults_nodes,
          nicolae_vaults_sesquioval_fish, vaults_dpeg_encased_lava,
          nicolae_vaults_heist, nicolae_vaults_rhombus_5,
          layout_vaults_omnigrid, uniq_saint_roka
Vaults:3: minmay_crypt_entry_simple_sparse, nicolae_vaults_alarming,
          nicolae_vaults_mini_display_case, nicolae_vaults_trapezoid_1,
          vaults_room_grunt_arrival_checkpoint, v_misc_14, tekkud_shop_of_orbs,
          ontoclasm_vaults_gateway, nicolae_vaults_house_3,
          vaults_mumra_minichess, layout_vaults_maze_snakey, serial_shops,
          nicolae_shop_temple_entry_statues_fountains,
          nicolae_shop_competitors_out_of_business, uniq_mara
Vaults:4: hangedman_vaults_unwind, vaults_room_ringed_pool,
          nicolae_vaults_network_periphery, nicolae_vaults_specimen_jars,
          nicolae_vaults_cornered_office, nicolae_vaults_more_shelving_1,
          vaults_dpeg_cross, hangedman_vaults_slice, nicolae_vaults_six-pack,
          nicolae_vaults_gold_heap, nicolae_vaults_trapezoid_lopsided_1,
          layout_vaults_omnicross, enter_trove_2
Crypt:1:  layout_gridlike, serial_sigils_hangedman_writhe, st_stairs_11,
          grunt_crypt_arrival_guarded_gate
Crypt:2:  layout_chaotic_city, uniq_vv
Crypt:3:  grunt_crypt_end_deaths_head
Depths:1: minmay_quarter_circles, layout_cave_pools, pf_dread_powers_of_hell,
          ebering_ghost_xom, serial_shops, nicolae_shop_rolling_square,
          corexii_corridor_pit, kennysheep_just_a_vault, uniq_norris
Depths:2: pf_snail_temple, layout_gridlike, enter_ziggurat_c,
          rand_demon_pan_entry_5, hell_entry, nicolae_wwwww
Depths:3: minmay_tri_stars, layout_gridlike, hellmouth_1,
          infiniplex_staircase_diamond, nicolae_abyss_entry_one_way_or_another
Depths:4: grunt_runaround [grunt_runaround_zot, grunt_runaround_doors_1,
          grunt_runaround_doors_2, grunt_runaround_doors_3,
          grunt_runaround_doors_4], hell_entry
Zot:1:    layout_onion_interference, grunt_megastairs_5
Zot:2:    layout_cathedral_of_symmetry, grunt_megastairs_2
Zot:3:    bobbens_index_wilting_gardens, layout_onion_interference
Zot:4:    layout_cellular_growth, regret_index_zotdec_silver_v_v_loose
Zot:5:    layout_gridlike, st_stairs_8

Skill      XL: |  1  2  3  4  5  6  7  8  9 10 11 12 13 14 15 16 17 18 19 20 21 22 23 24 25 26 |
---------------+-------------------------------------------------------------------------------+-----
Axes           | 4 5 6 7 8 9 10 12 14 18 20 24 | 24.0
Fighting       | 4 5 7 8 13 15 16 21 24 25 26 27 | 27.0
Armour         | 5 9 11 14 15 16 18 20 21 22 25 26 | 26.6
Dodging        | 4 8 10 13 14 16 17 18 19 21 | 21.6
Evocations     | 4 5 8 10 | 10.0
Throwing       | 10 11 12 13 14 | 14.5
Shields        | 7 15 16 17 18 20 25 | 25.0

Action                     |  1- 3 |  4- 6 |  7- 9 | 10-12 | 13-15 | 16-18 | 19-21 | 22-24 | 25-27 || total
---------------------------+-------+-------+-------+-------+-------+-------+-------+-------+-------++-------
  Melee: Hand axe          |    89 |    90 |   356 |   625 |    96 |       |       |       |       ||  1256
         Headbutt          |    10 |    20 |    79 |   163 |   186 |   216 |   221 |   298 |    79 ||  1272
         Punch             |     1 |     5 |    27 |    76 |    16 |     1 |       |       |       ||   126
         Battleaxe         |       |       |       |       |   710 |   407 |       |       |       ||  1117
         Mace              |       |       |       |       |    12 |    21 |       |       |       ||    33
         Broad axe         |       |       |       |       |       |   377 |   713 |   988 |   253 ||  2331
         Bite              |       |       |       |       |       |    58 |   123 |   146 |       ||   327
         Kick              |       |       |       |       |       |    76 |   207 |    82 |   114 ||   479
  Throw: Dart              |       |       |     2 |     6 |     4 |       |     1 |       |       ||    13
         Boomerang         |       |       |       |       |       |     1 |       |       |       ||     1
         Javelin           |       |       |       |       |       |       |     1 |     4 |       ||     5
  Evoke: Wand              |       |       |       |     8 |       |       |     3 |       |       ||    11
         Phial of floods   |       |       |       |       |       |       |     1 |       |       ||     1
         Phantom mirror    |       |       |       |       |       |       |     1 |       |       ||     1
         Box of beasts     |       |       |       |       |       |       |       |     1 |       ||     1
    Use: Scroll            |     5 |       |     7 |     5 |    11 |     5 |     8 |    14 |     3 ||    58
         Potion            |       |       |     1 |       |     2 |       |     3 |     5 |     5 ||    16
   Stab: Confused          |       |     1 |     2 |     7 |    20 |       |     1 |       |       ||    31
         Petrified         |       |       |     1 |     8 |     1 |       |       |     4 |       ||    14
         Distracted        |       |       |     1 |     4 |     2 |     7 |    20 |    34 |     7 ||    75
         Sleeping          |       |       |     1 |     3 |     7 |     2 |       |       |       ||    13
         Paralysed         |       |       |       |     8 |       |       |     2 |       |       ||    10
         Petrifying        |       |       |       |     5 |       |       |       |       |       ||     5
         Held in net/web   |       |       |       |       |     1 |       |       |       |       ||     1
         Fleeing           |       |       |       |       |       |       |       |     2 |       ||     2
 Armour: Leather armour    |    25 |       |       |       |       |       |       |       |       ||    25
         Chain mail        |    20 |    50 |       |       |       |       |       |       |       ||    70
         Plate armour      |       |     7 |   237 |       |   242 |   567 |   196 |   294 |   160 ||  1703
         Acid dragon scale |       |       |    45 |   249 |   164 |       |       |       |       ||   458
         Gold dragon scale |       |       |       |       |       |       |       |    47 |       ||    47
  Dodge: Dodged            |    56 |    24 |    79 |   275 |   632 |   490 |   238 |   265 |   106 ||  2165
  Block: Other             |       |       |    54 |    42 |       |       |       |       |       ||    96
         Reflection        |       |       |       |     1 |       |       |       |     1 |       ||     2
         Kite shield       |       |       |       |       |       |   170 |   283 |   438 |   153 ||  1044

Table legend: (Time is in decaauts)
 A = Elapsed time spent in this place.
 B = Non-inter-level travel time spent in this place.
 C = Inter-level travel time spent in this place.
 D = Time resting spent in this place.
 E = Time spent auto-exploring this place.
 F = Levels seen in this place.
 G = Mean time per level.
                   A        B        C        D        E       F      G
               +--------+--------+--------+--------+--------+-----+--------+
         Total |  49311 |  39924 |   9387 |   1180 |  24872 |  53 |  930.4 |
       Dungeon |  16576 |  12531 |   4045 |    309 |   8672 |  15 | 1105.1 |
          Lair |   5964 |   4750 |   1214 |    141 |   3195 |   5 | 1192.8 |
         Swamp |   2271 |   2091 |    180 |      0 |   1381 |   4 |  567.8 |
   Spider Nest |   2977 |   2667 |    310 |      5 |   1644 |   4 |  744.2 |
    Slime Pits |   1926 |   1829 |     97 |    102 |    651 |   5 |  385.2 |
  Orcish Mines |   1446 |   1228 |    218 |      2 |    806 |   2 |  723.0 |
        Vaults |   4512 |   3454 |   1058 |     10 |   2352 |   4 | 1128.0 |
         Crypt |   1762 |   1612 |    150 |      0 |    730 |   3 |  587.3 |
        Depths |   5425 |   3780 |   1645 |      0 |   2133 |   4 | 1356.2 |
           Zot |   5515 |   5050 |    465 |    541 |   3062 |   5 | 1103.0 |
        Wizlab |    460 |    460 |      0 |      0 |     97 |   1 |  460.0 |
      Gauntlet |    471 |    471 |      0 |     70 |    147 |   1 |  471.0 |
               +--------+--------+--------+--------+--------+-----+--------+

Top non-repeatable levels by time:
  Lair:5: 1744 daAuts
Depths:2: 1551 daAuts
    D:11: 1549 daAuts
     D:8: 1519 daAuts
    D:12: 1514 daAuts
Vaults:1: 1508 daAuts
   Zot:2: 1489 daAuts
Depths:3: 1489 daAuts
  Lair:3: 1484 daAuts
   Zot:3: 1447 daAuts
    D:15: 1358 daAuts
Depths:4: 1343 daAuts
    D:14: 1306 daAuts
 Slime:5: 1274 daAuts
Vaults:2: 1273 daAuts
